 Dungeon Crawl Stone Soup version 0.28.0-49-g6dfe1f597d (webtiles) character file.

Game seed: 12255277052757599100

69 Zeld the Insei (level 4, -5/28 HPs)
             Began as an Octopode Transmuter on May 14, 2022.
             Succumbed to a kobold's poison
             ... on level 2 of the Dungeon.
             The game lasted 00:01:38 (2309 turns).

Zeld the Insei (Octopode Transmuter)                Turns: 2309, Time: 00:01:39

Health: -5/28      AC:  1    Str: 11    XL:     4   Next: 20%
Magic:  7/8        EV: 13    Int: 15    God:
Gold:   51         SH:  0    Dex: 12    Spells: 2/8 levels left

rFire   . . .      SeeInvis .     - Unarmed
rCold   . . .      Faith    .   (no shield)
rNeg    . . .      Spirit   .   (helmet currently unavailable)
rPois   .          Reflect  .   (no amulet)
rElec   .          Harm     .   (no ring)
rCorr   .          Rampage  .   (no ring)
Will    .....                   (no ring)
Stlth   ++........              (no ring)
HPRegen 0.09/turn               (no ring)
MPRegen 0.11/turn               (no ring)
                                (no ring)
                                (no ring)

@: lethally poisoned (-5 -> -33), appendages (expiring)
A: tentacle spike 3, almost no armour, amphibious, 8 rings, camouflage 1,
gelatinous body 1, (nimble swimmer 1), tentacles
a: End Transformation


You were on level 2 of the Dungeon.
One of your tentacles had grown a beastly spike.
You visited 1 branch of the dungeon, and saw 2 of its levels.

You collected 51 gold pieces.

Inventory:

Scrolls
 b - a scroll of holy word {unknown}
 c - a scroll of identify {unknown}
Potions
 a - 2 potions of flight {unknown}


   Skills:
 - Level 1.0 Fighting
 + Level 2.3 Dodging
 - Level 3.0 Unarmed Combat
 * Level 2.7 Spellcasting
 * Level 2.8 Transmutations
 + Level 1.2 Ice Magic
 + Level 1.1 Poison Magic


You had 2 spell levels left.
You knew the following spells:

 Your Spells              Type           Power      Damage    Failure   Level
a - Beastly Appendage     Tmut           20%        N/A       6%          1
b - Wereblood             Tmut           10%        N/A       10%         2
c - Spider Form           Tmut/Pois      8%         N/A       26%         3

Your spell library contained the following spells:

 Spells                   Type           Power      Damage    Failure   Level
 Passwall                 Tmut/Erth      5%         N/A       17%         2
 Sandblast                Erth           4%         2d4       21%         1
 Stone Arrow              Conj/Erth      4%         3d7       52%         3
 Ice Form                 Ice/Tmut       8%         N/A       65%         4


Dungeon Overview and Level Annotations

Branches:
Dungeon (2/15)

Altars:


Innate Abilities, Weirdness & Mutations

One of your tentacles has grown a beastly spike.
You cannot wear most types of armour.
You are amphibious.
You can wear up to eight rings at the same time.
Your skin changes colour to match your surroundings (Stealth+).
Your rubbery body absorbs attacks. (AC +1, EV +1)
((You are camouflaged when in or above water. (Stealth+)))
You have tentacles for arms and can constrict up to eight enemies at once.


Message History

Things that are here:
a +0 whip; a kobold corpse A kobold comes into view.
It is wielding a +2 short sword of venom.
The kobold moves out of view.
A kobold is nearby!
A kobold is nearby!
Casting: Beastly Appendage (safe; 6% risk of failure)
Confirm with . or Enter, or press ? or * to list all spells.
One of your tentacles grows a vicious spike.
The kobold shouts!
The kobold closely misses you.
You completely miss the kobold. You grab the kobold.
You constrict the kobold, but do no damage.
The kobold hits you with a +2 short sword of venom.
You are poisoned.
You tentacle-slap the kobold.
The kobold is moderately wounded.
You constrict the kobold.
You feel very sick.
The kobold hits you with a +2 short sword of venom.
You are lethally poisoned!
You release your grip on the kobold.
You feel very sick.
The kobold hits you with a +2 short sword of venom.
You are more poisoned.
There is a lethal amount of poison in your body!
You are too injured to fight recklessly!
There is a lethal amount of poison in your body!
You tentacle-slap the kobold but do no damage.
You grab the kobold.
You pierce the kobold, but do no damage.
The kobold is moderately wounded.
You constrict the kobold, but do no damage.
* * * LOW HITPOINT WARNING * * *
You feel very sick.
The kobold hits you with a +2 short sword of venom.
* * * LOW HITPOINT WARNING * * *
You release your grip on the kobold.
Your transformation is almost over.
You die...

.... ....
### . #.. .
#.##### #
#.....# #
####.....###
#
#...........
#
#..@.K......
#
#...........
#
####.#......
# #.#......
# #.# .....
# #.# .....
#.# .... #.#
#### #.#


You could see a kobold.

Vanquished Creatures
  A gnoll (D:2)
  An adder (D:2)
  A worm (D:2)
  3 ball pythons (D:1)
  5 bats
  3 endoplasms
  3 giant cockroaches
  3 hobgoblins (D:1)
  8 jackals (D:1)
  A quokka (D:1)
  2 frilled lizards (D:1)
  6 goblins
  5 kobolds
  2 rats (D:2)
44 creatures vanquished.

Vanquished Creatures (others)
  2 demonic plants (D:2)
  4 fungi (D:2)
  5 plants (D:2)
11 creatures vanquished.

Grand Total: 55 creatures vanquished

Notes
Turn   | Place    | Note
-------+----------+-------------------------------------------
     0 | D:1      | Zeld the Octopode Transmuter began the quest for the Orb.
     0 | D:1      | Reached XP level 1. HP: 13/13 MP: 3/3
   113 | D:1      | Reached XP level 2. HP: 11/18 MP: 3/5
   221 | D:1      | Learned a level 2 spell: Wereblood
   842 | D:1      | Reached XP level 3. HP: 23/23 MP: 4/6
   849 | D:1      | Learned a level 3 spell: Spider Form
  1522 | D:2      | Reached skill level 1 in Poison Magic
  1715 | D:2      | Found a faded altar of an unknown god.
  1989 | D:2      | Reached skill level 1 in Ice Magic
  1989 | D:2      | Reached XP level 4. HP: 21/28 MP: 6/8
  2308 | D:2      | HP: 1/28 [kobold/+2 short sword of venom (2)]
  2309 | D:2      | Succumbed to a kobold's poison

Illustrated notes

Levels and vault maps discovered:
D:1:      dpeg_arrival_oval, layout_rooms, st_stairs_12, due_unseen_surprise
D:2:      layout_basic, shapermc_ecumenical_altar_gd, roderic_lattice_a

Skill      XL: |  1  2  3 |
---------------+----------+-----
Poison Magic   | 1 |  1.1
Ice Magic      | 1 |  1.2
Fighting       | |  1.0
Dodging        | |  2.3
Unarmed Combat | |  3.0
Spellcasting   | |  2.7
Transmutations | |  2.8

Action                   |  1- 3 |  4- 6 || total
-------------------------+-------+-------++-------
Melee: Unarmed           |    75 |    16 ||    91
       Constrict         |    24 |    10 ||    34
       Kick              |    27 |     4 ||    31
       Tentacles         |    12 |     6 ||    18
       Punch             |     4 |       ||     4
 Cast: Beastly Appendage |    26 |     4 ||    30
 Stab: Sleeping          |     5 |       ||     5
Armor: Skin              |     9 |     6 ||    15
Dodge: Dodged            |    50 |    18 ||    68
